 Dungeon Crawl Stone Soup version 0.27-a0-1555-g0e7b3fb1d2 (webtiles) character file.

Game seed: 4094921437411296171

27 Lemonice the Skirmisher (level 3, 0/29 HPs)
             Began as a Formicid Abyssal Knight on July 15, 2021.
             Was a Follower of Lugonu.
             Slain by Terence (5 damage)
             ... on level 2 of the Dungeon.
             The game lasted 00:02:36 (1068 turns).

Lemonice the Skirmisher (Formicid Abyssal Knight)   Turns: 1068, Time: 00:02:36

Health: 0/29       AC: 10    Str: 17    XL:     3   Next: 25%
Magic:  5/5        EV:  7    Int: 11    God:    Lugonu [*.....]
Gold:   39         SH:  0    Dex: 10    Spells: 2/2 levels left

rFire    . . .     SeeInvis +   a - +1 hand axe
rCold    . . .     Faith    .   (no shield)
rNeg     . . .     Spirit   .   f - +0 chain mail
rPois    .         Reflect  .   (helmet unavailable)
rElec    .         Harm     .   c - +0 cloak
rCorr    .         Rampage  .   (no gloves)
Will     .....                  (no boots)
Stlth    ..........             (no amulet)
HPRegen  0.09/turn              (no ring)
MPRegen  0.09/turn              (no ring)

@: no status effects
A: permanent stasis, dig shafts and tunnels, antennae 3, four strong arms
a: Dig, Shaft Self, Renounce Religion, Depart the Abyss


You were on level 2 of the Dungeon.
You worshipped Lugonu.
Lugonu was aware of your devotion.
You visited 1 branch of the dungeon, and saw 2 of its levels.
You visited the Abyss 1 time.

You collected 39 gold pieces.

Inventory:

Hand Weapons
 a - a +1 hand axe (weapon)
Armour
 b - a +0 leather armour
 c - a +0 cloak (worn)
 f - a +0 chain mail (worn)
Jewellery
 i - a ring of protection from cold
Scrolls
 g - a scroll of noise
 h - a scroll of acquirement {unknown}
Potions
 d - a potion of haste


   Skills:
 + Level 3.6 Fighting
 * Level 2.5 Axes
 + Level 2.5 Armour
 - Level 1.0 Dodging
 + Level 2.6 Invocations


You had 2 spell levels left.
You didn't know any spells.
Your spell library contained the following spells:

 Spells                   Type           Power      Damage    Failure   Level
 Stone Arrow              Conj/Erth      0%         3d7       100%        3
 Animate Armour           Summ/Erth      0%         N/A       100%        4
 Lehudib's Crystal Spear  Conj/Erth      0%         10d2      100%        8


Dungeon Overview and Level Annotations

Branches:
Dungeon (2/15)

Altars:

Annotations:
D:2 Terence


Innate Abilities, Weirdness & Mutations

You cannot be hasted, slowed, berserked, paralysed or teleported.
You can dig through walls and to a lower floor.
You have a pair of large antennae on your head. (SInv)
Your four strong arms can wield two-handed weapons with a shield.


Message History

Magic restored.
You now have 39 gold pieces (gained 15).
You pick up a book of Armaments and begin reading...
You add the spells Stone Arrow, Animate Armour and Lehudib's Crystal Spear to your library.
Okay, then.
Found an escape hatch in the ceiling.
You sense a monster nearby.
Terence the Incautious comes into view.
He is wielding a +1 flail of protection and wearing a +1 scale mail of cold resistance.
Non-targeted abil: Dig
Press: ? - help, Q - select action, (/) - cycle Dir - look around, f - activate
Okay, then.
It was a potion of haste.
Your stasis prevents you from being hasted.
As you read the scroll labelled FYCEEN YS VYO, it crumbles to dust.
It is a scroll of identify.
g - a scroll of noise You hit Terence but do no damage.
Terence hits you with a +1 flail of protection!
You hit Terence but do no damage. Terence hits you but does no damage.
You hit Terence but do no damage. Terence barely misses you.
Terence closely misses you.
You hit Terence.
Terence is moderately wounded.
Terence closely misses you.
Your chain mail prevents you from hitting Terence.
Terence is moderately wounded.
Terence hits you with a +1 flail of protection!
You completely miss Terence.
Terence is moderately wounded.
Terence completely misses you.
You hit Terence.
Terence is moderately wounded.
Terence hits you with a +1 flail of protection.
* * * LOW HITPOINT WARNING * * *
You barely miss Terence.
Terence is moderately wounded.
Terence hits you with a +1 flail of protection.
* * * LOW HITPOINT WARNING * * *
Terence hits you with a +1 flail of protection.
You die...

#.# #.#.#.#.#
#.# #.# #.#.#
#.# ### #<#.#
#.# ### #.#
###.# #...#
#####
###.####.....#
#.....@@......
########<....#
....# ...# ###


You could see Terence.

Vanquished Creatures
  A dart slug (D:2)
  4 ball pythons (D:1)
  An endoplasm (D:1)
  A giant cockroach (D:1)
  A hobgoblin (D:1)
  4 jackals (D:1)
  3 quokkas (D:1)
  4 frilled lizards (D:1)
  A kobold (D:1)
  2 rats (D:1)
22 creatures vanquished.

Notes
Turn   | Place    | Note
-------+----------+-------------------------------------------
     0 | Abyss:1  | Lemonice the Formicid Abyssal Knight began the quest for
                  | the Orb.
     0 | Abyss:1  | Reached XP level 1. HP: 18/18 MP: 2/2
    45 | Abyss:1  | Noticed a wight
    46 | D:1      | Escaped the Abyss
   176 | D:1      | Reached skill level 1 in Dodging
   326 | D:1      | Reached XP level 2. HP: 24/24 MP: 3/3
   419 | D:1      | Reached * piety under Lugonu
   911 | D:1      | Reached XP level 3. HP: 29/29 MP: 4/4
   957 | D:1      | Found a faded altar of an unknown god.
  1058 | D:2      | Noticed Terence
  1068 | D:2      | Slain by Terence

Illustrated notes

Levels and vault maps discovered:
D:1:      psy_arrival_fountain, layout_basic,
          hellmonk_ecumenical_altar_heavens_door, dk_noncrumbling_2
D:2:      layout_basic, basic_altar, eino_tiny_chamber, uniq_sigmund,
          uniq_natasha, uniq_terence

Skill      XL: |  1 |
---------------+----+-----
Dodging        | 1 |  1.0
Fighting       | |  3.6
Axes           | |  2.5
Armour         | |  2.5
Invocations    | |  2.6

Action                   || total
-------------------------++-------
Melee: Hand axe          ||    79
Invok: Depart the Abyss  ||     1
  Use: Scroll            ||     1
       Potion            ||     1
Armor: Leather armour    ||     4
       Chain mail        ||    40
Dodge: Dodged            ||    34

Table legend: (Time is in decaauts)
 A = Elapsed time spent in this place.
 B = Non-inter-level travel time spent in this place.
 C = Inter-level travel time spent in this place.
 D = Time resting spent in this place.
 E = Time spent auto-exploring this place.
 F = Levels seen in this place.
 G = Mean time per level.
                   A        B        C        D        E       F      G
               +--------+--------+--------+--------+--------+-----+--------+
         Total |   1082 |   1067 |     15 |      0 |    836 |   3 |  360.7 |
       Dungeon |   1036 |   1021 |     15 |      0 |    836 |   2 |  518.0 |
         Abyss |     46 |     46 |      0 |      0 |      0 |   1 |   46.0 |
               +--------+--------+--------+--------+--------+-----+--------+

Top non-repeatable levels by time:
     D:1: 964 daAuts
     D:2: 71 daAuts
 Abyss:1: 46 daAuts
